 Dungeon Crawl Stone Soup version bcrawl-1.23 (webtiles) character file.

Game seed: 12167414116123932475

2240 Delver the Basher (level 9, 0/74 HPs)
             Began as a Sand Dwarf Skald on May 27, 2020.
             Was an Initiate of Nemelex Xobeh.
             Shot with an arrow by a centaur (17 damage)
             ... on level 6 of the Dungeon on May 28, 2020.
             The game lasted 02:13:37 (7362 turns).

Delver the Basher (Sand Dwarf Skald)                Turns: 7362, Time: 02:13:37

Health: 0/74       AC: -5    Str: 17    XL:     9   Next: 36%
Magic:  11/12      EV: 13    Int: 15    God:    Nemelex Xobeh [......]
Gold:   516        SH:  0    Dex: 14    Spells: 7/14 levels left

rFire    + . .     SeeInvis .   L - +0 war axe
rCold    . . .     Gourm    .   (shield restricted)
rNeg     . . .     Faith    .   y - +0 scale mail
rPois    .         Spirit   .   (helmet restricted)
rElec    .         Reflect  .   (no cloak)
rCorr    .         Harm     .   J - +2 pair of gloves
MR       ++...                  (no boots)
Stlth    ..........             (no amulet)
HPRegen  0.22/turn              i - ring of protection from fire
MPRegen  0.13/turn              q - +3 ring of dexterity

@: corroded, slow
A: small, antennae 1, talons 1, low mp 1, magic resistance 1, slowness 1, armour
attunement
a: Draw Escape, Draw Destruction, Draw Summoning, Renounce Religion


You were on level 6 of the Dungeon.
You worshipped Nemelex Xobeh.
Nemelex Xobeh was noncommittal.
You were not hungry.

You visited 1 branch of the dungeon, and saw 6 of its levels.

You collected 516 gold pieces.

Inventory:

Hand Weapons
 a - a +0 hand axe
 d - a +0 hand axe
 e - a +0 whip
 f - a +1 mace
 j - a +0 short sword
 l - a +0 dagger
 p - a +0 blowgun
 r - a +0 flail
 s - a +3 short sword
 u - a +0 long sword
 v - a +0 mace
 w - a +0 spear
 z - a +0 war axe
 K - a +0 dagger
 L - a +0 war axe (weapon)
Missiles
 g - 1467 stones
 h - 370 sling bullets
 k - 36 tomahawks (quivered)
 t - 32 poisoned needles
 E - 120 arrows
 I - 2 throwing nets {!f}
Armour
 b - a +0 leather armour
 o - a +0 robe
 x - a +0 ring mail
 y - a +0 scale mail (worn)
 D - a +0 scale mail
 F - a +0 scale mail
 G - a +0 robe
 J - a +2 pair of gloves (worn)
Jewellery
 i - a ring of protection from fire (left hand)
 q - a +3 ring of dexterity (right hand)
Wands
 O - a wand of iceblast (6)
Scrolls
 c - 3 scrolls of fog
 m - 6 scrolls of identify
 C - 4 scrolls of remove curse
 H - a scroll of enchant weapon
 N - 3 scrolls of fear
Potions
 A - a potion of curing
Comestibles
 n - 2 chunks of flesh


   Skills:
 + Level 5.4 Fighting
 * Level 3.0(5.8) Axes
 + Level 9.4(9.7) Maces & Flails
 + Level 4.3 Throwing
 + Level 6.3 Armour
 + Level 3.4 Dodging
 + Level 0.5 Stealth
 + Level 3.3 Spellcasting
 + Level 3.9 Charms
 + Level 1.2 Necromancy
 + Level 0.3 Evocations


You had 7 spell levels left.
You knew the following spells:

 Your Spells              Type           Power        Failure   Level  Hunger
a - Infusion              Chrm           ##......     3%          1    None
b - Regeneration          Chrm/Necr      ##........   21%         3    ###....
c - Ozocubu's Armour      Chrm/Ice       #.......     26%         3    ###....

Your spell library contained the following spells:

 Spells                   Type           Power        Failure   Level  Hunger
 Song of Slaying          Chrm           ##......     6%          2    ##.....
 Spectral Weapon          Hex/Chrm       #.......     26%         3    ###....


Dungeon Overview and Level Annotations

Branches:
Dungeon (6/12)
 Temple: D:4-7

Altars:
Gozag
Hepliaklqana
Nemelex Xobeh
Okawaru
Uskayaw
Zin

Annotations:
D:3 dcsswall's ghost, amateur VSAc


Innate Abilities, Weirdness & Mutations

You are small and have problems with some larger weapons.
You cover ground slowly.
Armour does not affect your spellcasting.
You have a pair of small antennae on your head.
You have sharp toenails.
Your magical capacity is low. (-10% MP)
You are resistant to hostile enchantments. (MR+)


Message History

You hit the jelly.
Your hands burn!
The jelly is heavily wounded.
The jelly misses you.
You hit the jelly.
Your hands burn!
You claw the jelly, but do no damage.
The jelly is heavily wounded.
The jelly hits you.
You are splashed with acid!
You hit the jelly but do no damage. The acid corrodes you!
Your hands burn!
The jelly is heavily wounded.
The jelly misses you.
Your skin stops crawling.
The jelly misses you.
The centaur shoots an arrow.
The arrow hits you. The jelly hits you. The acid corrodes you!
You are splashed with acid.
* * * LOW HITPOINT WARNING * * *
The centaur unwields a +0 shortbow.
The centaur hits you.
* * * LOW HITPOINT WARNING * * *
The centaur wields a +0 shortbow.
The centaur shoots an arrow.
The arrow hits you!
You die...
Your body disappears without a glow.

##### ### #...# #.. #...#
#.# #...# #.#
#...########.#####
+......J.........#
####...#@.c.....###....#
#...................._...
#...###########.#.........
... #.#......!?. #.
#.#.._..8.._ #.##...... .
#.# #..... .. ..._.


You could see a centaur and a jelly.

Vanquished Creatures
  A troll (D:5)
  The ghost of dittoslash the Gusty, an amateur AvAE of Qazlal (D:4)
  An ice beast (D:5)
  A phantom (D:4)
  3 sky beasts
  3 ogres
  A wyvern skeleton (D:3)
  2 scorpions (D:4)
  4 howler monkeys
  3 crimson imps
  3 hounds
  A centaur skeleton (D:3)
  An orc priest (D:4)
  3 bullfrog skeletons
  5 orc wizards
  An iguana (D:3)
  Jessica (D:3)
  3 worker ants
  A worker ant zombie (D:4)
  A howler monkey skeleton (D:5)
  11 adders
  A shadow imp (D:6)
  An ooze (D:1)
  2 adder zombies (D:5)
  A worm (D:4)
  5 dart slugs
  7 leopard geckos
  13 orcs
  3 giant cockroaches
  3 goblins
  8 hobgoblins
  7 jackals
  15 kobolds
  5 quokkas
  A ball python (D:3)
  8 bats
  3 frilled lizards
  2 jackal skeletons (D:4)
  A jackal zombie (D:3)
  5 rats
142 creatures vanquished.

Notes
Turn   | Place    | Note
-------+----------+-------------------------------------------
     0 | D:1      | Delver the Sand Dwarf Skald began the quest for the Orb.
     0 | D:1      | Reached XP level 1. HP: 18/18 MP: 3/3
    92 | D:1      | Gained mutation: You have a pair of small antennae on your
                  | head. [potion of mutation]
    92 | D:1      | Gained mutation: You are resistant to hostile enchantments.
                  | (MR+) [potion of mutation]
    92 | D:1      | Gained mutation: Your magical capacity is low. (-10% MP)
                  | [potion of mutation]
    92 | D:1      | Gained mutation: You have sharp toenails. [potion of
                  | mutation]
   111 | D:1      | Reached XP level 2. HP: 19/25 MP: 4/4
   661 | D:1      | Reached XP level 3. HP: 27/30 MP: 5/5
  1326 | D:2      | Found an opulent altar of Gozag.
  1906 | D:1      | Learned a level 3 spell: Regeneration
  1938 | D:2      | Reached skill level 1 in Maces & Flails
  1938 | D:2      | Reached XP level 4. HP: 21/37 MP: 3/6
  2747 | D:3      | Noticed an ogre
  2754 | D:3      | Killed an ogre
  2754 | D:3      | Reached skill level 2 in Maces & Flails
  2754 | D:3      | Reached skill level 1 in Throwing
  2754 | D:3      | Reached XP level 5. HP: 45/45 MP: 0/7
  2775 | D:3      | Noticed an ogre
  2937 | D:2      | Killed an ogre
  2937 | D:2      | Reached skill level 3 in Maces & Flails
  2937 | D:2      | Reached XP level 6. HP: 45/51 MP: 3/8
  3480 | D:3      | Noticed Jessica
  3486 | D:3      | Killed Jessica
  3607 | D:3      | Found a runed translucent gate.
  3607 | D:3      | Found a runed translucent gate.
  3607 | D:3      | Found a runed translucent gate.
  3612 | D:3      | Reached skill level 4 in Maces & Flails
  3614 | D:3      | Noticed dcsswall's ghost (amateur VSAc)
  3641 | D:3      | Reached XP level 7. HP: 21/57 MP: 10/10
  3866 | D:3      | Reached skill level 5 in Maces & Flails
  4387 | D:4      | Reached skill level 6 in Maces & Flails
  4549 | D:4      | Reached XP level 8. HP: 51/66 MP: 11/11
  4554 | D:4      | Learned a level 3 spell: Ozocubu's Armour
  4905 | D:4      | Reached skill level 7 in Maces & Flails
  4948 | D:4      | Reached skill level 5 in Armour
  5372 | D:4      | Reached skill level 8 in Maces & Flails
  5636 | D:4      | Found a runed translucent gate.
  5636 | D:4      | Found a runed translucent gate.
  5636 | D:4      | Found a runed translucent gate.
  5641 | D:4      | Noticed dittoslash's ghost (amateur AvAE)
  6141 | D:4      | Killed dittoslash's ghost
  6204 | D:5      | Entered Level 5 of the Dungeon
  6586 | D:5      | Found a sparkling altar of Nemelex Xobeh.
  6590 | D:5      | Reached skill level 5 in Fighting
  6600 | D:5      | Became a worshipper of Nemelex Xobeh the Trickster
  6622 | D:5      | Reached XP level 9. HP: 74/74 MP: 12/12
  6641 | D:5      | Received a gift from Nemelex Xobeh
  6669 | D:5      | Noticed a troll
  6675 | D:5      | Reached skill level 9 in Maces & Flails
  7046 | D:5      | Reached skill level 1 in Necromancy
  7190 | D:5      | Killed a troll
  7312 | D:6      | Found a glowing silver altar of Zin.
  7343 | D:6      | Found a hazy altar of Hepliaklqana.
  7345 | D:6      | Found an iron altar of Okawaru.
  7348 | D:6      | Found a hide-covered altar of Uskayaw.
  7362 | D:6      | Shot with an arrow by a centaur

Skill      XL: |  1  2  3  4  5  6  7  8  9 |
---------------+----------------------------+-----
Axes           | 3 |  3.0
Maces & Flails | 1 2 3 4 6 8 9 |  9.4
Fighting       | 3 5 |  5.4
Armour         | 3 4 5 6 |  6.3
Dodging        | 2 3 |  3.4
Throwing       | 1 2 3 4 |  4.3
Spellcasting   | 3 |  3.3
Necromancy     | 1 |  1.2
Stealth        | |  0.5
Charms         | |  3.9
Evocations     | |  0.3

Action                   |  1- 3 |  4- 6 |  7- 9 || total
-------------------------+-------+-------+-------++-------
Melee: Hand axe          |    83 |       |       ||    83
       Kick              |    23 |    26 |    91 ||   140
       Mace              |    41 |   103 |       ||   144
       Flail             |       |    44 |   280 ||   324
       War axe           |       |       |    14 ||    14
 Fire: Blowgun           |       |       |     1 ||     1
Throw: Stone             |    58 |       |       ||    58
       Tomahawk          |     8 |    14 |    81 ||   103
 Cast: Infusion          |     4 |     6 |     4 ||    14
       Regeneration      |       |       |     5 ||     5
Evoke: Wand              |       |       |     3 ||     3
  Use: Scroll            |     4 |     5 |     4 ||    13
       Potion            |     2 |     2 |     6 ||    10
  Eat: Ration            |     2 |     1 |     4 ||     7
       Chunk             |       |     2 |       ||     2
Armor: Leather armour    |    34 |    21 |       ||    55
       Ring mail         |       |     8 |       ||     8
       Scale mail        |       |     7 |   120 ||   127
Dodge: Dodged            |   114 |   128 |   192 ||   434
